Map: Overgrown Facility

Players

GBMrSeBaS

  • Race: Zerg Zerg
  • Spawn Location: 3:00

xentroz

  • Race: Zerg Zerg
  • Spawn Location: 1:00

MonstroTown - Winner!

  • Race: Terran Terran
  • Spawn Location: 9:00

Michael - Winner!

  • Race: Zerg Zerg
  • League: Gold
  • Spawn Location: 7:00

VOD

Have the link to the VOD?

Description

Time

  • Played on: Sept. 16, 2018, 2:43 p.m.
  • Length: 13:06
Show
View Real Time Build Order
Export as new Build Order

GBMrSeBaS Zerg 

Build Orders: Hatch First 

Get SALT Encoding   

  12  0:02  Drone  
  13  0:09  Drone  
  14  0:19  Overlord  
  14  0:38  Drone x3  
  17  0:49  Drone  
  18  1:23  Drone x3  
  21  1:33  Hatchery  
  21  1:37  Spawning Pool, Drone  
  20  1:51  Drone  
  21  1:54  Hatchery  
  21  1:56  Extractor  
  21  1:58  Overlord  
  19  2:07  Drone  
  20  2:21  Drone  
  21  2:32  Drone  
  22  2:41  Extractor  
  22  2:43  Drone  
  22  2:54  Roach Warren  
  22  2:55  Drone  
  22  2:59  Lair  
  22  3:06  Drone  
  22  3:08  Drone x2  
  22  3:09  Drone  
  26  3:18  Overlord  
  26  3:22  Drone  
  26  3:24  Drone  
  28  3:32  Drone  
  29  3:38  Queen  
  31  3:41  Extractor  
  31  3:45  Drone x2  
  32  3:50  Spine Crawler  
  32  3:54  Metabolic Boost  
  30  3:56  Drone  
  31  4:04  Drone  
  31  4:06  Drone x3  
  31  4:08  Queen  
  37  4:12  Glial Reconstitution  
  37  4:20  Zergling x2  
  38  4:29  Queen  
  38  4:30  Zergling x4  
  38  4:31  Zergling x2  
  43  4:45  Zergling x4  
  45  4:48  Zergling x6  
  48  4:59  Zergling x4  
  50  5:02  Overlord x3  
  50  5:26  Hydralisk Den  
  50  5:28  Queen  
  51  5:34  Drone x2  
  51  5:35  Drone  
  54  5:38  Queen  
  54  5:42  Overlord x3  
  56  5:43  Overlord x2  
  56  5:50  Drone x3  
  59  5:57  Grooved Spines  
  59  6:03  Queen  
  59  6:04  Drone x5  
  62  6:10  Extractor  
  65  6:20  Drone x4  
  65  6:21  Drone x2  
  65  6:23  Drone x3  
  74  6:39  Spine Crawler  
  73  6:41  Hydralisk  
  73  6:43  Hydralisk  
  77  6:49  Spore Crawler  
  76  7:09  Muscular Augments  
  76  7:23  Hydralisk x5  
  86  7:30  Drone x6  
  86  7:31  Drone x5  
  97  7:53  Drone  
  97  7:54  Drone x5  
  103  8:00  Extractor  
  103  8:03  Extractor  
  101  8:14  Evolution Chamber x2  
  101  8:17  Evolution Chamber  
  98  8:22  Infestation Pit  
  97  8:40  Drone x3  
  97  8:41  Overlord x2  
  100  8:45  Evolution Chamber  
  99  8:55  Zerg Missile Weapons Level 1  
  99  8:56  Zerg Ground Armor Level 1  
  99  8:57  Zerg Melee Weapons Level 1  
  99  9:05  Hive  
  99  9:06  Tunneling Claws  
  99  9:17  Hydralisk x3  
  99  9:18  Hydralisk x4  
  99  9:22  Zergling x4  
  99  9:23  Zergling x14  
  99  9:24  Zergling x10  
  125  9:27  Overlord x3  
  125  9:28  Overlord  
  125  9:29  Zergling x6  
  125  9:31  Overlord x5  
  130  9:32  Overlord x3  
  130  9:55  Overseer  
  130  9:56  Overseer x2  
  130  10:05  Hydralisk x4  
  130  10:06  Hydralisk  
  140  10:14  Hydralisk x3  
  140  10:15  Hydralisk x5  
  140  10:19  Adrenal Glands  
  156  10:23  Zergling x14  
  163  10:40  Hatchery  
  91  11:10  Hydralisk x4  
  91  11:11  Hydralisk x2  
  94  11:13  Hydralisk x5  
  52  12:02  Hatchery  
Show
View Real Time Build Order
Export as new Build Order

xentroz Zerg 

Build Orders: Pool First 

Get SALT Encoding   

  12  0:02  Drone  
  13  0:09  Drone  
  14  0:29  Spawning Pool  
  14  0:33  Extractor, Drone  
  13  0:38  Drone  
  14  0:46  Overlord  
  14  0:51  Extractor  
  14  0:53  Drone  
  15  1:09  Drone x2  
  17  1:16  Queen  
  19  1:25  Drone  
  20  1:33  Drone  
  21  1:57  Hatchery  
  20  2:02  Metabolic Boost  
  20  2:14  Overlord  
  20  2:17  Drone x2  
  22  2:31  Queen  
  22  2:36  Drone x2  
  26  2:40  Drone  
  26  2:42  Drone  
  28  3:08  Drone  
  28  3:09  Drone x4  
  33  3:18  Drone  
  34  3:37  Extractor  
  34  3:40  Extractor  
  34  3:41  Extractor  
  31  3:45  Drone x3  
  34  3:59  Lair  
  34  4:05  Zergling x2  
  35  4:15  Zergling x6  
  32  4:22  Zergling x10  
  27  4:51  Zergling x2  
  26  5:01  Overlord x2  
  26  5:23  Drone x2  
  26  5:24  Drone  
  29  5:36  Queen  
  29  5:39  Queen  
  33  5:48  Hydralisk Den  
  32  5:50  Drone x3  
  35  5:58  Drone x3  
  39  6:11  Drone  
  39  6:21  Drone  
  40  6:28  Drone  
  40  6:29  Drone  
  42  6:57  Evolution Chamber  
  42  7:00  Drone x2  
  43  7:02  Overlord x2  
  41  7:29  Hydralisk  
  40  7:30  Hydralisk x5  
  40  7:36  Hydralisk x3  
  56  7:41  Overlord  
  56  7:42  Overlord x2  
  58  8:07  Overseer  
  58  8:15  Drone x3  
  61  8:30  Hydralisk x4  
  61  8:31  Hydralisk x2  
  73  8:47  Drone  
  74  8:57  Hydralisk x4  
  74  8:58  Hydralisk  
  81  9:17  Hydralisk Den  
  80  9:30  Drone  
  80  9:31  Drone x3  
  84  9:33  Overlord  
  84  9:34  Overlord  
  84  9:35  Overseer  
  84  9:48  Grooved Spines  
  84  10:00  Overlord x2  
  84  10:08  Hydralisk x4  
  84  10:09  Hydralisk  
  94  10:15  Hydralisk x3  
  94  10:17  Overlord x4  
  100  10:22  Overseer  
  100  10:56  Hydralisk x5  
  103  11:22  Hydralisk x3  
  103  11:23  Hydralisk x2  
  67  11:57  Hydralisk x5  
  60  12:06  Hydralisk x3  
  56  12:41  Hydralisk  
  56  12:42  Hydralisk  
Show
View Real Time Build Order
Export as new Build Order

MonstroTown Terran - Winner!

Build Orders: MMM Bio 

Get SALT Encoding   

  12  0:01  SCV  
  13  0:13  SCV  
  14  0:18  Supply Depot  
  14  0:25  SCV  
  15  0:39  SCV  
  15  0:41  Barracks  
  16  0:52  SCV  
  17  1:00  Barracks  
  17  1:04  SCV  
  18  1:16  SCV  
  19  1:28  Marine  
  19  1:43  Command Center  
  19  1:45  SCV  
  20  1:52  Supply Depot  
  20  1:58  Marine  
  21  2:02  Orbital Command  
  21  2:16  Refinery  
  21  2:18  Refinery  
  21  2:19  Marine  
  21  2:20  Marine  
  23  2:31  SCV  
  24  2:40  Supply Depot, Marine  
  25  2:46  Marine  
  26  2:54  Barracks  
  26  3:06  Factory  
  26  3:12  SCV, Orbital Command  
  27  3:22  Barracks Tech Lab  
  27  3:23  Marine  
  27  3:24  SCV  
  29  3:36  SCV  
  30  3:44  Marine x2  
  30  3:45  Marauder  
  30  3:47  Stimpack  
  34  3:56  SCV x2  
  34  4:02  Marine x2  
  38  4:22  Marine x3  
  38  4:23  Hellion  
  36  4:39  Marine  
  36  4:40  Marauder, Marine  
  36  4:44  Barracks  
  36  4:45  Starport  
  40  4:48  Factory Tech Lab  
  40  4:54  Engineering Bay  
  40  4:56  SCV x2  
  40  4:57  Marine x2  
  39  5:11  Hellion  
  41  5:20  Marine  
  41  5:21  Marine  
  43  5:24  Terran Infantry Weapons Level 1  
  43  5:29  Medivac  
  43  5:34  Factory  
  45  5:40  SCV x2  
  47  5:48  Supply Depot  
  47  5:51  Hellion  
  47  5:52  Barracks Reactor  
  47  5:53  Command Center, Barracks Tech Lab  
  47  5:54  Marauder  
  51  5:59  Combat Shields  
  51  6:04  Refinery  
  51  6:05  Refinery  
  51  6:19  Marauder, Marine  
  51  6:22  Starport Reactor  
  54  6:28  SCV x2  
  56  6:32  Supply Depot  
  56  6:42  Marine  
  56  6:43  Marauder, Marine  
  56  6:44  Marauder  
  62  7:25  Hellion  
  62  7:26  Medivac x2  
  62  7:27  Marauder x2, Marine x3  
  75  7:37  Orbital Command  
  75  7:38  SCV  
  75  7:40  Supply Depot  
  75  7:41  SCV  
  77  7:44  Marine  
  77  7:45  Terran Infantry Armor Level 1  
  77  7:48  Engineering Bay  
  77  7:50  SCV  
  79  7:53  SCV  
  80  8:04  Siege Tank  
  80  8:05  Medivac x2  
  78  8:12  Marine x2  
  82  8:13  Marauder  
  82  8:32  Marine  
  82  8:33  Marine x3  
  86  8:38  Barracks  
  86  8:39  Armory, Barracks  
  86  8:49  Marine  
  86  8:50  Siege Tank, Marine  
  86  8:53  SCV  
  92  8:59  Supply Depot  
  85  9:22  Siege Tank  
  85  9:25  Marine x2  
  85  9:26  Marauder x2  
  85  9:30  Terran Ship Weapons Level 1  
  91  9:32  Factory Reactor  
  91  9:34  Barracks Tech Lab  
  91  9:37  Terran Infantry Weapons Level 2  
  91  9:44  Barracks Reactor  
  91  9:47  Marauder  
  91  9:49  Command Center, Marine x2  
  91  9:51  Supply Depot  
  95  10:01  Marine x3  
  95  10:02  Medivac  
  100  10:07  Supply Depot, Marine  
  100  10:09  Supply Depot x2  
  100  10:12  Medivac  
  103  10:26  Marine x2  
  103  11:10  Marine x3  
  103  11:11  Marauder, Marine  
  107  11:12  Medivac x2, Marauder  
  107  11:13  Hellbat x2  
  107  11:14  Hellbat  
  104  11:35  Hellbat  
  104  11:37  Marine x4  
  104  11:38  Marine  
  104  11:39  Hellbat x2  
  112  11:42  Medivac  
  109  11:58  Marine  
  109  11:59  Marine x5  
  109  12:00  Marauder  
  117  12:06  Supply Depot, Marauder  
  116  12:16  Marine x2  
  116  12:18  Marauder  
  116  12:21  Marine  
  116  12:22  Marine x3  
  124  12:36  Marine  
  125  12:47  Marine  
Show
View Real Time Build Order
Export as new Build Order

Michael Zerg - Winner!

Build Orders: Hatch First 

Get SALT Encoding   

  12  0:01  Drone  
  13  0:12  Overlord  
  13  0:18  Drone  
  14  0:31  Drone x2  
  14  0:34  Drone  
  17  0:45  Drone  
  18  0:58  Hatchery  
  18  1:00  Drone  
  18  1:07  Extractor  
  17  1:16  Spawning Pool  
  16  1:19  Drone  
  16  1:22  Drone  
  18  1:29  Drone  
  19  1:39  Drone  
  20  1:49  Overlord  
  20  2:03  Queen  
  20  2:08  Metabolic Boost  
  22  2:10  Queen  
  22  2:12  Zergling x2  
  22  2:14  Zergling x2  
  26  2:17  Zergling x2  
  26  2:22  Drone  
  28  2:25  Extractor  
  28  2:26  Drone  
  28  2:31  Drone  
  28  2:33  Drone  
  30  2:46  Roach Warren  
  30  2:47  Drone  
  30  2:50  Drone  
  30  3:00  Spine Crawler  
  30  3:04  Evolution Chamber  
  28  3:09  Queen  
  30  3:19  Lair  
  30  3:22  Drone  
  30  3:25  Drone  
  32  3:56  Zerg Ground Armor Level 1  
  32  3:57  Zergling x8  
  35  4:17  Zergling x2  
  36  4:18  Overlord x4  
  34  4:33  Zergling x4  
  36  4:40  Drone  
  36  4:41  Drone x8  
  36  4:45  Glial Reconstitution  
  41  4:53  Drone x2  
  41  4:54  Drone  
  41  4:59  Drone x2  
  46  5:02  Extractor  
  46  5:03  Extractor  
  44  5:10  Roach  
  44  5:11  Roach x2  
  44  5:13  Roach  
  52  5:19  Queen  
  54  5:34  Drone x6  
  60  5:39  Spine Crawler  
  59  5:49  Roach x3  
  65  5:50  Zerg Missile Weapons Level 1  
  65  6:09  Tunneling Claws  
  65  6:15  Hydralisk Den  
  65  6:16  Spore Crawler  
  63  6:31  Hatchery  
  62  6:35  Roach  
  62  6:36  Roach x2  
  62  6:38  Overlord x2  
  62  6:39  Overlord x2  
  68  6:55  Spine Crawler  
  67  7:05  Roach  
  67  7:06  Roach x5  
  78  7:41  Muscular Augments, Spire  
  78  7:44  Zerg Ground Armor Level 2  
  77  7:48  Infestation Pit  
  76  7:51  Queen  
  76  7:52  Drone  
  76  7:53  Drone x2  
  76  7:54  Drone  
  82  8:00  Drone x2  
  84  8:07  Hydralisk  
  86  8:15  Burrow  
  86  8:28  Hive  
  86  8:31  Spore Crawler  
  86  8:33  Spore Crawler  
  84  8:37  Drone x3  
  84  8:38  Drone x2  
  84  8:39  Drone  
  91  8:41  Drone  
  91  8:44  Extractor  
  91  8:47  Extractor, Hydralisk  
  91  8:52  Grooved Spines  
  91  9:03  Hydralisk x4  
  99  9:16  Hydralisk x3  
  103  9:22  Overlord  
  103  9:23  Overlord  
  105  9:54  Hydralisk x7  
  105  9:55  Hydralisk  
  105  9:58  Overlord  
  105  9:59  Zerg Missile Weapons Level 2  
  121  10:07  Overlord  
  121  10:08  Roach x10  
  121  10:16  Spore Crawler  
  121  10:17  Spore Crawler  
  121  10:19  Drone x2, Spine Crawler x2  
  119  10:30  Hydralisk x3  
  121  10:53  Hydralisk x6  
  121  11:04  Hydralisk x2  
  121  11:05  Hydralisk  
  123  11:17  Roach x3  
  129  11:21  Overlord x2  
  129  11:26  Overlord  
  129  11:36  Overlord  
  129  11:37  Overlord  
  91  11:56  Roach x7  
  91  11:57  Roach  
  83  12:33  Hatchery, Hydralisk x5  
  83  12:35  Roach x5  
Tags
 
Add a new tag
Caveats
  • Supply blocks, unpowered buildings, or Contaminate may cause inaccurate times.
  • Supply counts are checked every 10 seconds.